 Dungeon Crawl Stone Soup version 0.31.0-11-ge490571c62 (webtiles) character file.

Game seed: 12705473200447996319

39 qw the Shooter (level 3, -13/20 HPs)
             Began as a Deep Elf Hunter on Feb 3, 2024.
             Mangled by a gnoll
             ... wielding a +2 vampiric halberd
              (15 damage)
             ... on level 2 of the Dungeon.
             The game lasted 00:00:02 (974 turns).

qw the Shooter (Deep Elf Hunter)                     Turns: 974, Time: 00:00:02

Health: -13/20     AC:  8    Str: 10    XL:     3   Next: 28%
Magic:  5/5        EV:  9    Int: 13    God:
Gold:   91         SH:  0    Dex: 18    Spells: 2/2 levels left

rFire   + . .        a - +0 shortbow (flame)
rCold   . . .        (shield currently unavailable)
rNeg    . . .        g - +0 scale mail
rPois   .            (no helmet)
rElec   .            i - +1 cloak
rCorr   .            (no gloves)
SInv    .            (no boots)
Will    .....        e - amulet of regeneration
Stlth   +            j - ring of protection from fire
HPRegen 1.03/turn    (no ring)
MPRegen 0.09/turn

%: no passive effects
@: no status effects
A: no striking features
a: no special abilities


You were on level 2 of the Dungeon.
You visited 1 branch of the dungeon, and saw 2 of its levels.

You collected 91 gold pieces.


   Skills:
 - Level 1.5 Fighting
 + Level 6.9 Ranged Weapons
 - Level 2.4 Dodging
 - Level 1.2 Stealth


You had 2 spell levels left.
You didn't know any spells.
Your spell library was empty.

Inventory:

Hand Weapons
 a - a +0 shortbow of flaming (weapon)
Armour
 g - a +0 scale mail (worn)
 i - a +1 cloak (worn)
Jewellery
 e - an amulet of regeneration (around neck)
 j - a ring of protection from fire (left hand)
Scrolls
 d - a scroll of enchant weapon {unknown}
Potions
 b - a potion of curing {unknown}
 c - 2 potions of brilliance {unknown}
 k - a potion of might

Dungeon Overview and Level Annotations

Branches:
Dungeon (2/15)

Altars:

Shops:
D:1 !


Message History

You now have 87 gold pieces (gained 9).
You open the door.
There is an open door here.
You now have 91 gold pieces (gained 4).
You open the door.
There is an open door here.
c - 2 sapphire potions
Found a talisman of death.
Found a stone staircase leading down.
d - a scroll labelled HUZXOCIDDIE
Found a stone staircase leading up.
Enter note: 2 gnolls come into view.
A gnoll is wielding a +0 halberd and quivering a throwing net.
The gnoll shouts! x2
A goblin comes into view. It is wielding a +0 club.
The gnoll moves out of view.
You shoot an arrow. The goblin shouts!
The arrow hits the gnoll.
The arrow burns the gnoll.
The gnoll is moderately wounded.
A gnoll comes into view. It is wielding a +2 vampiric halberd.
The teleport trap disappears.
The gnoll disappears!
You shoot an arrow. The arrow barely misses the goblin.
You hear a shout!
A gnoll comes into view. It is wielding a +0 club.
You shoot an arrow. The arrow hits the gnoll.
The arrow burns the gnoll.
The gnoll is almost dead.
A hobgoblin comes into view.
The gnoll completely misses you.
You shoot an arrow. The arrow hits the gnoll.
The arrow burns the gnoll.
You kill the gnoll!
You shoot an arrow. The arrow closely misses the hobgoblin.
You shoot an arrow.
The arrow hits the hobgoblin but does no damage.
The gnoll hits you from afar with a +2 vampiric halberd!
Ouch! That really hurt!
The hobgoblin hits you. The hobgoblin misses you.
The gnoll hits you from afar with a +2 vampiric halberd!
Ouch! That really hurt!
You die...

#### ### ...>.
..# ..
###|.##.###....
#.
........ggg....
... ####...@# #.#
#.......## #.#
#.#......# #.#
.<..#'##.#
#######.# ### #.
#.# #.......####
.. #.#
#........... ##
#.## #.......###.
#..###.......###'
##...#.......#...


You could see a gnoll, a hobgoblin and a goblin.

Vanquished Creatures
  A gnoll (D:2)
  An adder (D:2)
  4 bats (D:1)
  An endoplasm (D:1)
  2 giant cockroaches (D:1)
  A goblin (D:1)
  A hobgoblin (D:1)
  3 jackals (D:1)
  A ball python (D:1)
  3 kobolds (D:1)
  3 rats
21 creatures vanquished.

Notes
Turn   | Place    | Note
-------+----------+-------------------------------------------
     0 | D:1      | qw the Deep Elf Hunter began the quest for the Orb.
     0 | D:1      | Reached XP level 1. HP: 12/12 MP: 3/3
     0 | D:1      | 0 ||| qw: Version: 0.3-a-158-g18b3111
     0 | D:1      | 0 ||| qw: Game counter: 4275
     0 | D:1      | 0 ||| qw: Melee chars always use a shield: true
     0 | D:1      | 0 ||| qw: God list: Okawaru
     0 | D:1      | 0 ||| qw: Allow faded altars: false
     0 | D:1      | 0 ||| qw: Do Orc after clearing Dungeon:15 true
     0 | D:1      | 0 ||| qw: Do second Lair branch before Depths: true
     0 | D:1      | 0 ||| qw: Lair rune preference: random
     0 | D:1      | 0 ||| qw: Goals: Normal
     0 | D:1      | 0 ||| PLANNING D:1-11
   140 | D:1      | Reached XP level 2. HP: 16/16 MP: 4/4
   141 | D:1      | Reached skill level 6 in Ranged Weapons
   288 | D:1      | Found Ykic's Distillery.
   294 | D:1      | 294 ||| SHOPLISTING potion of might (44 gold, have 35).
   294 | D:1      | 294 ||| SHOPLISTING potion of resistance (110 gold, have
                  | 35).
   747 | D:1      | 747 ||| UPGRADING to +0 scale mail.
   757 | D:1      | 757 ||| DROPPING +0 leather armour.
   758 | D:1      | 758 ||| UPGRADING to +1 cloak.
   763 | D:1      | 763 ||| UPGRADING to amulet of regeneration.
   768 | D:1      | 768 ||| UPGRADING to ring of protection from fire.
   769 | D:1      | 769 ||| READING scroll labelled REBLAADANI.
   769 | D:1      | 769 ||| IDENTIFYING murky inky potion
   770 | D:1      | 770 ||| READING scroll labelled KETIWNO TULIYNA.
   770 | D:1      | 770 ||| BRANDING +0 shortbow.
   771 | D:1      | 771 ||| READING scroll labelled SOEPTORHEMN.
   772 | D:1      | 772 ||| DROPPING scroll of butterflies.
   911 | D:2      | Reached XP level 3. HP: 15/20 MP: 5/5
   974 | D:2      | HP: 2/20 [hobgoblin (4)]
   974 | D:2      | Mangled by a gnoll

Levels and vault maps discovered:
D:1:      dpeg_arrival_round_a, layout_loops_ring, serial_shops, shop
D:2:      layout_basic

Skill      XL: |  1  2 |
---------------+-------+-----
Ranged Weapons | 6 |  6.9
Fighting       | |  1.5
Dodging        | |  2.4
Stealth        | |  1.2

Action                     || total
---------------------------++-------
   Fire: Shortbow          ||    48
    Use: Scroll            ||     3
 Armour: Leather armour    ||     6
         Scale mail        ||     8
  Dodge: Dodged            ||    10

Table legend:
 A = Non-vault XP
 B = Vault XP
 C = Vault XP percentage of total XP
 D = Non-vault monster count
 E = Vault monster count
 F = Vault count percentage of total count
                 A         B        C        D         E       F
            +---------+---------+-------+---------+---------+-------
      Total |      57 |       0 |   0.0 |      21 |       0 |   0.0
            +---------+---------+-------+---------+---------+-------
        D:1 |      29 |       0 |   0.0 |      18 |       0 |   0.0
        D:2 |      28 |       0 |   0.0 |       3 |       0 |   0.0
            +---------+---------+-------+---------+---------+-------
